 Dungeon Crawl Stone Soup version 0.25-a0-21-ga5a8db46c7 (webtiles) character file.

Game seed: 1310304563797205887, levelgen mode: deterministic

5796 Napalmbreeze the Gouger (level 10, -4/44 HPs)
             Began as a Felid Berserker on Oct 16, 2019.
             Was an Elder of Trog.
             Slain by a wolf (12 damage)
             ... on level 1 of the Lair of Beasts.
             The game lasted 00:33:02 (13246 turns).

Napalmbreeze the Gouger (Felid Berserker)          Turns: 13246, Time: 00:33:02

Health: -4/44      AC:  2    Str: 13    XL:     10   Next: 50%
Magic:  26/26      EV: 28    Int: 10    God:    Trog [****..]
Gold:   653        SH:  0    Dex: 18    Spells: 9/9 levels left
                                        Lives:  0   Deaths: 2

rFire    . . .     SeeInvis +     - Unarmed
rCold    . . .     Gourm    .   (shield unavailable)
rNeg     . . .     Faith    .   (armour unavailable)
rPois    .         Spirit   .   (helmet unavailable)
rElec    .         Reflect  .   (cloak unavailable)
rCorr    .         Harm     +   (gloves unavailable)
MR       +....                  (boots unavailable)
Stlth    +++.......             y - amulet of harm
HPRegen  0.14/turn              k - ring of magical power
MPRegen  0.20/turn              q - ring of flight

@: berserk cooldown, very slightly contaminated, slowed, slow
A: very small, no armour, no weapons or thrown items, stealth, claws 1, fangs 3,
see invisible, carnivore, speed 1, shaggy fur 2, slow metabolism 1, sharp paws
a: Berserk, Trog's Hand, Brothers in Arms, Renounce Religion, Evoke Flight


You were on level 1 of the Lair of Beasts.
You worshipped Trog.
Trog was greatly pleased with you.
You were very full.

You visited 2 branches of the dungeon, and saw 11 of its levels.
You also visited: Sewer.

You collected 653 gold pieces.

Inventory:

Jewellery
 k - a ring of magical power (left paw)
 n - an uncursed amulet of the acrobat
 q - a ring of flight (right paw)
 y - an amulet of harm (around neck)
 D - a cursed ring of protection from cold {unknown}
Wands
 g - a wand of acid (12)
 t - a wand of polymorph (24)
 x - a wand of random effects (10)
 B - a wand of paralysis (7)
 E - a wand of iceblast (6)
Scrolls
 b - 9 scrolls of teleportation
 d - 2 scrolls of magic mapping {unknown}
 i - 10 scrolls of remove curse
 l - a scroll of immolation
 r - 5 scrolls of identify
 F - a scroll of random uselessness {unknown}
Potions
 e - 6 potions of curing
 f - 3 potions of degeneration {unknown}
 h - a potion of lignification {unknown}
 j - 8 potions of heal wounds
 m - a potion of mutation {unknown}
 o - 3 potions of agility {unknown}
 p - a potion of ambrosia {unknown}
 s - 5 potions of haste
 u - a potion of magic {unknown}
 v - a potion of cancellation {unknown}
 w - 2 potions of might {unknown}
 z - 3 potions of flight {unknown}
 C - a potion of berserk rage {unknown}
Comestibles
 a - 15 rations
 A - a chunk of flesh


   Skills:
 - Level 5.0 Fighting
 - Level 12.0 Dodging
 - Level 5.0 Stealth
 + Level 13.1 Unarmed Combat
 - Level 8.0 Evocations


You had 9 spell levels left.
You didn't know any spells.
Your spell library was empty.

Dungeon Overview and Level Annotations

Branches:
Dungeon (10/15)            Temple (0/1) D:5            Lair (1/6) D:10
    Orc (0/2) D:10          Sewer (visited)

Altars:
Elyvilon
Hepliaklqana
Trog
Yredelemnul

Annotations:
D:6 2 transporters, MalarOregon's ghost, novice DrCj


Innate Abilities, Weirdness & Mutations

You cannot wear armour.
You are incapable of wielding weapons or throwing items.
Your paws allow you to move quietly. (Stealth)
You have sharp claws.
You have razor-sharp teeth.
You have supernaturally acute eyesight. (SInv)
You are carnivorous and can eat meat at any time.
You cover ground quickly.
You are covered in thick fur. (AC +2)
You have a slow metabolism.
Your sharp claws are effective at attacking unaware monsters.


Message History

You feel sick.
You feel your anger nearly subside.
A wolf comes into view.
The wolf howls!
You hear a howl! x3
You are no longer berserk.
You are exhausted.
You feel yourself slow down.
Blink to where?
Press: ? - help, Dir - move target cursor You are very lightly contaminated with residual magic.
As you read the scroll of blinking, it crumbles to dust.
* * * LOW HITPOINT WARNING * * *
You feel sick.
It was a potion of curing.
You feel better.
Your two-headed ogre goes berserk!
You feel quite a bit less full.
A wolf comes into view.
Unknown command.
You barely miss the wolf. The wolf bites you!
You die...

#.#......## ##..
##......## #...
#.......## ####
##.......# #.
#####.#.###### ##
######(...##### ##
#F..#!.##
#######P#####..)##
#@#........#.$.###
#h#.........#.#..#
#O....####≈lY##..#
#.#...## ##...#t.#
##.....≈####t..##=#
#..#.....t.....# ##
#....).h(......####
#..###+#.#.######.#
#.........h....###.


You could see 2 wolves and a friendly two-headed ogre (berserk).

Vanquished Creatures
  Harold (Lair:1)
  Erica (Lair:1)
  Sonja (Lair:1)
  Pikel (D:7)
  A spiny frog (Lair:1)
  A troll (D:10)
  A blink frog (Lair:1)
  2 hippogriffs
  A wyvern (D:8)
  10 yaks (Lair:1)
  A basilisk (Lair:1)
  3 water moccasins
  2 porcupines
  A sky beast (D:9)
  A black bear (D:10)
  3 orc warriors
  4 ogres
  2 slaves (D:7)
  3 phantoms
  8 wolves (Lair:1)
  2 centaurs
  2 crocodiles
  3 big kobolds
  7 bullfrogs
  A gnoll sergeant (D:6)
  4 scorpions
  4 killer bees (D:7)
  3 howler monkeys
  4 crimson imps
  A centaur zombie (D:8)
  A bullfrog zombie (D:5)
  5 jellies
  3 orc wizards
  2 orc priests (D:4)
  A gnoll shaman (D:7)
  3 hounds
  A bullfrog skeleton (D:4)
  An iguana (D:6)
  3 worker ants
  A hound skeleton (D:5)
  A worker ant zombie (D:9)
  13 gnolls
  12 adders
  A river rat (Sewer)
  A shadow imp (D:7)
  3 adder skeletons
  4 worms
  3 dart slugs
  4 leopard geckos
  24 orcs
  10 giant cockroaches
  2 gnoll zombies (D:7)
  11 goblins
  4 hobgoblins
  12 jackals
  11 kobolds
  3 quokkas
  4 ball pythons
  8 bats
  8 frilled lizards
  A quokka skeleton (D:5)
  8 rats
248 creatures vanquished.

Vanquished Creatures (collateral kills)
  A spiny frog (Lair:1)
  2 komodo dragons (Lair:1)
  2 trolls
  5 orc warriors
  2 wolves (Lair:1)
  2 ogres (D:10)
  3 big kobolds (D:10)
  3 gnoll sergeants
  An orc priest (D:9)
  An orc wizard (D:6)
  5 gnolls
  5 orcs
32 creatures vanquished.

Grand Total: 280 creatures vanquished

Notes
Turn   | Place    | Note
-------+----------+-------------------------------------------
     0 | D:1      | Napalmbreeze the Felid Berserker began the quest for the
                  | Orb.
     0 | D:1      | Reached XP level 1. HP: 10/10 MP: 2/2
   177 | D:1      | Reached XP level 2. HP: 12/14 MP: 3/3
   671 | D:1      | Reached XP level 3. HP: 17/17 MP: 4/4
   742 | D:1      | Reached ** piety under Trog
  1464 | D:2      | Reached skill level 4 in Unarmed Combat
  1763 | D:2      | Reached skill level 1 in Stealth
  1763 | D:2      | Reached XP level 4. HP: 21/21 MP: 5/5
  2633 | D:4      | Reached skill level 5 in Dodging
  2633 | D:4      | Reached XP level 5. HP: 17/25 MP: 6/6
  2754 | D:4      | Reached *** piety under Trog
  3057 | D:4      | Gained mutation: You are covered in thick fur. (AC +2)
                  | [Felid growth]
  3057 | D:4      | Reached XP level 6. HP: 23/28 MP: 7/7
  3089 | D:4      | Reached skill level 5 in Unarmed Combat
  3809 | D:5      | Entered Level 5 of the Dungeon
  4185 | D:5      | Reached XP level 7. HP: 28/33 MP: 8/8
  4244 | D:5      | Reached **** piety under Trog
  4650 | D:5      | Found a staircase to the Ecumenical Temple.
  5006 | D:6      | Reached skill level 6 in Unarmed Combat
  5132 | D:6      | Found a hazy altar of Hepliaklqana.
  5347 | D:6      | Found a glowing drain.
  5378 | Sewer    | Entered a sewer
  5513 | Sewer    | Reached skill level 5 in Fighting
  5513 | Sewer    | Reached skill level 5 in Stealth
  5987 | D:6      | Reached XP level 8. HP: 37/37 MP: 9/9
  6023 | D:6      | Reached skill level 7 in Unarmed Combat
  6536 | D:6      | Found a transporter.
  6541 | D:6      | Noticed MalarOregon's ghost (novice DrCj)
  6554 | D:6      | Found a transporter.
  6688 | D:6      | Reached skill level 1 in Evocations
  7179 | D:7      | Reached skill level 8 in Unarmed Combat
  7671 | D:7      | Reached ***** piety under Trog
  7784 | D:7      | Found a basalt altar of Yredelemnul.
  7972 | D:7      | Reached skill level 5 in Evocations
  7998 | D:7      | Reached XP level 9. HP: 29/40 MP: 13/13
  8478 | D:7      | Noticed Pikel
  8603 | D:7      | Killed Pikel
  9191 | D:8      | Reached skill level 9 in Unarmed Combat
  9554 | D:8      | Reached skill level 10 in Dodging
  9976 | D:9      | Noticed a troll
 10419 | D:9      | Reached XP level 10. HP: 44/44 MP: 16/16
 10828 | D:9      | Found a white marble altar of Elyvilon.
 10828 | D:9      | Found a bloodstained altar of Trog.
 10945 | D:10     | Entered Level 10 of the Dungeon
 11089 | D:10     | Found a staircase to the Orcish Mines.
 11124 | D:10     | Reached skill level 10 in Unarmed Combat
 11364 | D:10     | HP: 3/66 [porcupine's spines (16)]
 11715 | D:10     | Found a staircase to the Lair.
 11844 | Lair:1   | Entered Level 1 of the Lair of Beasts
 12053 | Lair:1   | Noticed a spiny frog
 12113 | Lair:1   | Killed a spiny frog
 12186 | Lair:1   | Noticed Harold
 12204 | Lair:1   | Noticed a spiny frog
 12205 | Lair:1   | Killed a spiny frog
 12205 | Lair:1   | Reached skill level 11 in Unarmed Combat
 12209 | Lair:1   | Killed from afar by Harold
 12210 | Lair:1   | Reached XP level 9. HP: -2/40 MP: 25/25
 12316 | Lair:1   | Noticed a komodo dragon
 12318 | Lair:1   | Killed from afar by Harold
 12319 | Lair:1   | Reached XP level 8. HP: -12/37 MP: 24/24
 12322 | Lair:1   | Killed a komodo dragon
 12322 | Lair:1   | Reached XP level 9. HP: 40/40 MP: 16/16
 12323 | Lair:1   | Killed Harold
 12726 | Lair:1   | Reached skill level 12 in Unarmed Combat
 12772 | Lair:1   | Reached XP level 10. HP: 44/44 MP: 17/17
 12991 | Lair:1   | Noticed Erica
 13004 | Lair:1   | Killed Erica
 13203 | Lair:1   | Noticed Sonja
 13208 | Lair:1   | Killed Sonja
 13231 | Lair:1   | Reached skill level 13 in Unarmed Combat
 13236 | Lair:1   | HP: 3/66 [komodo dragon (33)]
 13242 | Lair:1   | HP: 1/44 [poisoned by a water moccasin]
 13246 | Lair:1   | Slain by a wolf

Levels and vault maps discovered:
D:1:      lightli_arrival_statuegarden, layout_loops_ring, st_stairs_12
D:2:      layout_basic, serial_corexii_hall, corexii_hall_statues_i,
          chequers_hall_statues_wall_a
D:3:      layout_rooms, first_ration
D:4:      layout_rooms
D:5:      layout_gridville, minmay_temple_entry_waves
D:6:      layout_loops_ring, old_standard_altar, portal_sewer_entry_f,
          gammafunk_ghost_stat_death
D:7:      layout_rooms, lemuel_zombie_altar_yredelemnul, uniq_pikel
D:8:      layout_gridville
D:9:      layout_basic, gammafunk_temple_overflow_wave
D:10:     layout_cross, grunt_lair_entry_orc_guard_hut,
          kennysheep_orc_monster_closet_entryway
Lair:1:   layout_hall_layers, hangedman_lair_generics_rect, uniq_harold,
          uniq_sonja, uniq_erica

Skill      XL: |  1  2  3  4  5  6  7  8  9 10 |
---------------+-------------------------------+-----
Unarmed Combat | 4 5 6 8 12 13 | 13.1
Stealth        | 1 2 3 5 |  5.0
Dodging        | 5 6 8 10 12 | 12.0
Fighting       | 4 5 |  5.0
Evocations     | 5 7 8 |  8.0

Action                   |  1- 3 |  4- 6 |  7- 9 | 10-12 || total
-------------------------+-------+-------+-------+-------++-------
Melee: Unarmed           |    93 |   181 |   474 |   107 ||   855
       Bite              |     6 |    20 |    46 |    11 ||    83
       Punch             |     2 |     5 |     8 |     3 ||    18
Invok: Berserk           |     3 |     4 |    17 |     8 ||    32
       Brothers in Arms  |       |       |     3 |     5 ||     8
 Abil: Evoke Flight      |       |       |     1 |       ||     1
Evoke: Wand              |       |       |     3 |     1 ||     4
  Use: Scroll            |       |     4 |     7 |     2 ||    13
       Potion            |       |       |       |     2 ||     2
 Stab: Sleeping          |     2 |     3 |     9 |     2 ||    16
       Paralysed         |       |       |     1 |     2 ||     3
  Eat: Chunk             |    12 |     6 |    36 |     7 ||    61
Armor: Skin              |     5 |     4 |    13 |     3 ||    25
Dodge: Dodged            |    68 |   143 |   357 |   133 ||   701

Table legend:
 A = Non-vault XP
 B = Vault XP
 C = Vault XP percentage of total XP
 D = Non-vault monster count
 E = Vault monster count
 F = Vault count percentage of total count
                 A         B        C        D         E       F
            +---------+---------+-------+---------+---------+-------
      Total |   10464 |    5461 |  34.3 |     223 |      55 |  19.8
            +---------+---------+-------+---------+---------+-------
        D:1 |      55 |       2 |   3.5 |      31 |       1 |   3.1
        D:2 |      71 |       0 |   0.0 |      18 |       0 |   0.0
        D:3 |      33 |       0 |   0.0 |      15 |       0 |   0.0
        D:4 |     350 |       0 |   0.0 |      31 |       0 |   0.0
        D:5 |     365 |       0 |   0.0 |       8 |       0 |   0.0
        D:6 |     855 |       6 |   0.7 |      26 |       3 |  10.3
        D:7 |    1268 |     611 |  32.5 |      31 |       3 |   8.8
        D:8 |     997 |       0 |   0.0 |      14 |       0 |   0.0
        D:9 |    1130 |       0 |   0.0 |      15 |       0 |   0.0
       D:10 |     777 |    1400 |  64.3 |       6 |      24 |  80.0
     Lair:1 |    4563 |    3166 |  41.0 |      28 |       5 |  15.2
      Sewer |       0 |     276 | 100.0 |       0 |      19 | 100.0
            +---------+---------+-------+---------+---------+-------
